 Dungeon Crawl Stone Soup version 0.17.0-28-g6e173f8 (webtiles) character file.

101 MDvedh the Cutter (level 4, -12/36 HPs)
             Began as a Centaur Skald on Nov 22, 2015.
             Was an Initiate of Gozag.
             Killed by divine providence
             ... invoked by an orc priest
              (14 damage)
             ... on level 3 of the Dungeon.
             The game lasted 00:04:46 (2719 turns).

MDvedh the Cutter (Centaur Skald)                   Turns: 2719, Time: 00:04:47

Health: -12/36     AC:  5    Str: 16    XL:     4   Next: 48%
Magic:  6/6        EV:  8    Int: 11    God:    Gozag
Gold:   211        SH:  0    Dex:  8    Spells: 1 memorised, 5 levels left

rFire  . . .     SeeInvis .     t - +0 falchion
rCold  . . .     Clarity  .     g - +0 ring mail
rNeg   + . .     SustAt   .     (no shield)
rPois  .         Gourm    .     (no helmet)
rElec  .         Spirit   .     (no cloak)
rCorr  .         Warding  .     (no gloves)
rMut   .         Stasis   .     (no barding)
MR     .....                    (no amulet)
Stlth  ..........               (no ring)
                                j - ring of positive energy

@: very quick, not resistant to hostile enchantments, extremely unstealthy
A: hooves 3, deformed body, speed 2, tough skin 3
a: Potion Petition, Call Merchant, Bribe Branch, Renounce Religion


You were on level 3 of the Dungeon.
You worshipped Gozag.
Gozag was noncommittal.
You were very hungry.

You visited 1 branch of the dungeon, and saw 3 of its levels.

You collected 245 gold pieces.
You paid 34 gold pieces to Gozag.

Inventory:

Hand Weapons
 t - a +0 falchion (weapon)
Armour
 g - a +0 ring mail (worn)
 s - a +0 plate armour
Jewellery
 j - a ring of positive energy (left hand)
Scrolls
 e - 3 scrolls of recharging {unknown}
 f - 6 scrolls of identify {unknown}
 h - 2 scrolls of enchant armour {unknown}
 l - a scroll of fear {unknown}
 m - a scroll of enchant weapon {unknown}
 n - a scroll of fog {unknown}
 q - a scroll of remove curse {unknown}
Potions
 a - 2 potions of heal wounds {unknown}
 b - 2 potions of curing {unknown}
 i - a potion of haste {unknown}
 k - a potion of flight {unknown}
 p - a potion of lignification {unknown}
 r - 2 potions of poison {unknown}
 u - a potion of mutation {unknown}
Books
 c - a book of Battle

   Spells                             Type                      Level
   a - Infusion                       Charms                       1
   b - Shroud of Golubria             Charms/Translocation         2
   c - Song of Slaying                Charms                       2
   d - Spectral Weapon                Hexes/Charms                 3
   e - Regeneration                   Charms/Necromancy            3
Comestibles
 d - 3 bread rations
 o - a meat ration
 v - a beef jerky


   Skills:
 - Level 2.0 Fighting
   Level 3.1(3.6) Short Blades
 + Level 2.7(3.4) Long Blades
 - Level 0.6 Armour
 - Level 0.6 Dodging
 - Level 1.5 Spellcasting
 - Level 2.6 Charms


You had 5 spell levels left.
You knew the following spells:

 Your Spells              Type           Power        Failure   Level  Hunger
a - Infusion              Chrm           #.....       21%         1    ##.....


Dungeon Overview and Level Annotations

Branches:
Dungeon (3/15)

Altars:
Dithmenos
Fedhas
Gozag
Nemelex Xobeh
Sif Muna


Innate Abilities, Weirdness & Mutations

You have hooves in place of feet.
Armour fits poorly on your strangely shaped body.
You cover ground very quickly.
You have extremely tough skin (AC +3).


Message History

The orc hits you but does no damage.
You closely miss the orc priest.
The orc priest is almost dead.
The orc priest hits you with a hand axe!
You closely miss the orc priest. Your kick misses the orc priest.
The orc priest is almost dead.
The orc priest mumbles some strange prayers to Beogh against you.
Pain shoots through your body!
* * * LOW HITPOINT WARNING * * *
You are too injured to fight recklessly!
You are too injured to fight recklessly!
Unknown command.
You barely miss the orc priest.
You kick the orc priest, but do no damage.
The orc priest is almost dead.
The orc hits you but does no damage.
The orc priest invokes the aid of Beogh against you.
Something smites you!
You die...
Your body crumbles into a pile of gold.

#...$ #.#
#.....
#.#
#.....
#.#
#o..o.#
#.#
..o....##
#.#
#.og..o.#
#.# $ #o#
#.#
###o###.#
#.@o....#
#.......#
#.......#
####..#.#
#....#
#....#
#....#
#.#..####
#.#.....#


You could see an orc priest and 2 orcs.

Vanquished Creatures
  A gnoll (D:1)
  3 adders
  2 worms (D:2)
  A ball python (D:1)
  2 giant cockroaches
  8 goblins
  8 hobgoblins
  8 jackals (D:2)
  4 kobolds (D:1)
  6 bats
  3 giant geckos (D:2)
  A giant newt (D:1)
  9 rats
  A plant (D:1)
57 creatures vanquished.

Vanquished Creatures (others)
  3 hobgoblins
3 creatures vanquished.

Grand Total: 60 creatures vanquished

Notes
Turn   | Place    | Note
--------------------------------------------------------------
     0 | D:1      | MDvedh the Centaur Skald began the quest for the Orb.
     0 | D:1      | Reached XP level 1. HP: 17/17 MP: 3/3
   280 | D:1      | Reached XP level 2. HP: 19/24 MP: 4/4
   510 | D:1      | Reached skill level 1 in Short Blades
   689 | D:1      | Reached XP level 3. HP: 21/29 MP: 5/5
  1247 | D:2      | Found a shadowy altar of Dithmenos.
  1506 | D:2      | Reached XP level 4. HP: 31/36 MP: 6/6
  1704 | D:2      | Found a sparkling altar of Nemelex Xobeh.
  1727 | D:2      | Found a blossoming altar of Fedhas.
  1728 | D:2      | Found an opulent altar of Gozag.
  1730 | D:2      | Found a deep blue altar of Sif Muna.
  1732 | D:2      | Became a worshipper of Gozag Ym Sagoz the Greedy
  1893 | D:2      | Reached skill level 3 in Short Blades
  2719 | D:3      | Killed from afar by an orc priest

Action                   |  1- 3 |  4- 6 || total
-------------------------+-------+-------++-------
Melee: Falchion          |    19 |    51 ||    70
       Short sword       |    98 |    42 ||   140
  Eat: Chunk             |     1 |     1 ||     2
       Beef jerky        |       |     1 ||     1
